 Dungeon Crawl Stone Soup version 0.22-a0-247-gbddf880 (webtiles) character file.

207 MatthieuS the Firebug (level 5, 0/42 HPs)
             Began as a Draconian Fire Elementalist on Feb 25, 2018.
             Blown up by Ijyb (19 damage)
             ... with a wand of disintegration (9)
             ... on level 3 of the Dungeon.
             The game lasted 00:06:30 (2318 turns).

MatthieuS the Firebug (Draconian Fire Elementalist) Turns: 2318, Time: 00:06:31

Health: 0/42       AC:  5    Str: 11    XL:     5   Next: 54%
Magic:  9/9        EV: 12    Int: 15    God:
Gold:   77         SH:  3    Dex: 12    Spells: 6/9 levels left

rFire    . . .     SeeInvis .   c - +0 hunting sling
rCold    . . .     Gourm    .   f - +0 buckler
rNeg     . . .     Faith    .   (armour unavailable)
rPois    .         Spirit   .   (helmet restricted)
rElec    .         Reflect  .   (no cloak)
rCorr    .         Harm     .   (no gloves)
MR       .....                  (no boots)
Stlth    ++........             (no amulet)
HPRegen  0.14/turn              (no ring)
MPRegen  0.11/turn              (no ring)

@: about to teleport
A: unfitting armour, cold-blooded, AC +5
a: no special abilities


You were on level 3 of the Dungeon.
You were not hungry.

You visited 1 branch of the dungeon, and saw 3 of its levels.

You collected 77 gold pieces.

Inventory:

Hand Weapons
 c - a +0 hunting sling (weapon)
Missiles
 b - 65 stones (quivered)
 g - 29 arrows
 k - 29 sling bullets
Armour
 f - a +0 buckler (worn)
Scrolls
 d - a scroll of identify
 h - a scroll of fog {unknown}
 i - a scroll of random uselessness {unknown}
Potions
 l - a potion of flight
Comestibles
 a - 7 rations


   Skills:
 + Level 2.4 Fighting
 + Level 2.8 Dodging
 + Level 3.0 Stealth
 + Level 2.9 Spellcasting
 - Level 1.0 Conjurations
 + Level 3.8 Fire Magic


You had 6 spell levels left.
You knew the following spells:

 Your Spells              Type           Power        Failure   Level  Hunger
a - Flame Tongue          Conj/Fire      #....        12%         1    #......
b - Throw Flame           Conj/Fire      #.....       19%         2    ##.....


Dungeon Overview and Level Annotations

Branches:
Dungeon (3/15)

Altars:
Kikubaaqudgha
Qazlal
Yredelemnul

Annotations:
D:3 Grinder, Ijyb


Innate Abilities, Weirdness & Mutations

Your plain brown scales are hard. (AC +5)
You cannot fit into any form of body armour.
You are cold-blooded and may be slowed by cold attacks.


Message History

You shoot a stone. The stone hits Ijyb but does no damage.
Ijyb is lightly wounded.
Firing (i - inventory. (/) - cycle)
b - 66 stones (quivered)
Press: ? - help, Shift-Dir - straight line, f/p - Ijyb
Aim: Ijyb, wielding a dagger, wearing a leather armour and carrying a wand of disintegration (11) (lightly wounded)
You shoot a stone. The stone barely misses Ijyb.
The stone hits the goblin.
The goblin is severely wounded.
Ijyb zaps a wand.
You are blasted!
Ouch! That really hurt!
You are too injured to fight recklessly!
You are too injured to fight recklessly!
Okay, then.
As you read the scroll labeled AROMMOUGUPS, it crumbles to dust.
It is a scroll of identify.
e - a scroll of teleportation Ijyb screams, "You nasty!
Big nasty!"
Ijyb zaps a wand.
You barely resist.
As you read the scroll of teleportation, it crumbles to dust.
You feel strangely unstable.
Ijyb zaps a wand.
You are blasted!
You die...

......#.##..........#
.........#.######..##
......#..#.# #..#
)..#..#..#.# #....
..###.#..#.### ##.####
)## ##...>...# #....
#(###.##.###.# #..#
##....##.###.#####..#
##...........5gg@...#
#...รท....###(#####.##
.........##..((5(....
.........##.####(####..
##.....####. .#
##....### #. #
#.....(.###.
#...........
#.......###.


You could see Grinder, Ijyb and a goblin.

Vanquished Creatures
  The ghost of killcat the Charmwright, an amateur MfSk (D:3)
  2 orc wizards (D:3)
  An adder (D:3)
  2 worms
  A dart slug (D:1)
  3 orcs (D:3)
  5 giant cockroaches
  3 goblins
  10 hobgoblins
  A quokka (D:2)
  2 ball pythons (D:1)
  4 bats (D:1)
  6 frilled lizards
  2 gnoll zombies (D:2)
  9 kobolds
  3 rats (D:1)
55 creatures vanquished.

Notes
Turn   | Place    | Note
-------+----------+-------------------------------------------
     0 | D:1      | MatthieuS the Draconian Fire Elementalist began the quest for the Orb.
     0 | D:1      | Reached XP level 1. HP: 14/14 MP: 3/3
   266 | D:1      | Reached XP level 2. HP: 22/22 MP: 1/5
   365 | D:1      | Learned a level 2 spell: Throw Flame
   611 | D:1      | Reached skill level 1 in Fighting
   722 | D:1      | Reached XP level 3. HP: 28/28 MP: 3/6
  1285 | D:2      | Found an ancient bone altar of Kikubaaqudgha.
  1525 | D:2      | Found a basalt altar of Yredelemnul.
  1692 | D:2      | Found a stormy altar of Qazlal.
  1694 | D:2      | Noticed an air elemental
  1695 | D:2      | Noticed a fire elemental
  1695 | D:2      | Noticed an earth elemental
  1695 | D:2      | Noticed a water elemental
  1736 | D:2      | You fall through a shaft!
  1803 | D:3      | Noticed killcat's ghost (amateur MfSk)
  1823 | D:3      | Killed killcat's ghost
  1823 | D:3      | Reached XP level 4. HP: 12/36 MP: 1/8
  1823 | D:3      | Reached XP level 5. HP: 14/41 MP: 1/9
  2306 | D:3      | Noticed Ijyb
  2308 | D:3      | Noticed Grinder
  2318 | D:3      | Blown up by Ijyb

Vault maps used:
D:1:      dpeg_arrival_solitude
D:2:      lemuel_zombie_altar_yredelemnul, kiku_gazebo_pond_becter,
          nicolae_overflow_hidden_temple, nicolae_qazlal_style_of_elements
D:3:      lemuel_doored_altar, lightli_temple_of_fire, marbit_many_paths,
          old_standard_altar, first_ration, uniq_grinder, uniq_ijyb

Skill      XL: |  1  2  3  4  5 |
---------------+----------------+-----
Stealth        | 2 3 |  3.0
Dodging        | 2 |  2.8
Fighting       | 1 2 |  2.4
Spellcasting   | |  2.9
Conjurations   | |  1.0
Fire Magic     | |  3.8

Action                   |  1- 3 |  4- 6 || total
-------------------------+-------+-------++-------
Melee: Unarmed           |    43 |       ||    43
       Tailslap          |     7 |       ||     7
       Hunting sling     |       |     2 ||     2
 Fire: Hunting sling     |    51 |    18 ||    69
Throw: Stone             |     1 |       ||     1
 Cast: Flame Tongue      |    51 |    17 ||    68
       Throw Flame       |     3 |       ||     3
  Use: Potion            |     2 |       ||     2
       Scroll            |       |     2 ||     2
 Stab: Sleeping          |     1 |       ||     1
  Eat: Chunk             |     4 |     2 ||     6
Armor: Skin              |    18 |     2 ||    20
Dodge: Dodged            |    45 |     7 ||    52

Table legend:
 A = Spawn XP
 B = Non-spawn XP
 C = Spawn XP percentage of total XP
 D = Spawn monster count
 E = Non-spawn monster count
 F = Spawn count percentage of total count
 G = Total turns spent on level
                    A         B        C        D         E        F      G
               +---------+---------+-------+---------+---------+-------+---------
         Total |       0 |     297 |   0.0 |       0 |      55 |   0.0 |  2318
               +---------+---------+-------+---------+---------+-------+---------
           D:1 |       0 |      49 |   0.0 |       0 |      30 |   0.0 |  1221
           D:2 |       0 |      24 |   0.0 |       0 |      13 |   0.0 |   515
           D:3 |       0 |     224 |   0.0 |       0 |      12 |   0.0 |   582
               +---------+---------+-------+---------+---------+-------+---------
